[Event "Early-Titled-Tuesday-Blitz-February-06-2024"]
[Site "Chess.com"]
[Date "2024.02.06"]
[Round "3"]
[White "margarita_2703"]
[Black "deepfear"]
[Result "1-0"]
[WhiteElo "2336"]
[BlackElo "1960"]
[TimeControl "180+1"]
[EndTime "8:26:01 PST"]
[Termination "margarita_2703 won by resignation"]

1. h3 g6 2. e4 c5 3. c3 Bg7 4.
Nf3 d5 5. e5 d4 6. Bb5+ Bd7 7.
Bxd7+ Qxd7 8. d3 Nc6 9. Qe2 e6 10. O-O Nge7 11. c4 O-O 12. a3 h6 13. Re1 g5 14.
Nbd2 Ng6 15. b4 b6 16. bxc5 bxc5 17. Ne4 Qe7 18. Rb1 Ncxe5 19. Nxe5 Bxe5 20. Rb5 Rac8 21. a4 Nf4 22. Bxf4 Bxf4 23. Qh5 Kg7 24. g3 Be5 25. Qe2 Bd6 26. Kg2 a6 27. Rb6 a5 28. Nxd6 Rfd8 29. Nxc8 Rxc8 30. Reb1 1-0

[Event "Early-Titled-Tuesday-Blitz-February-06-2024"]
[Site "Chess.com"]
[Date "2024.02.06"]
[Round "3"]
[White "Nouali_Mohamed"]
[Black "ilya2700"]
[Result "1-0"]
[WhiteElo "2550"]
[BlackElo "2320"]
[TimeControl "180+1"]
[EndTime "8:26:03 PST"]
[Termination "Nouali_Mohamed won by resignation"]

1. e4 c5 2. Nf3 e6 3. d4 cxd4 4. Nxd4 Nf6 5. Nc3 Nc6 6. Nxc6 bxc6 7. e5 Nd5 8. Ne4 Qc7 9. f4 Qb6 10. c4 Ne3 11. Qd3 Bb4+ 12. Bd2 O-O 13. c5 Bxc5 14. Nxc5 Nxf1 15. Rxf1 Qxc5 16. Be3 Qd5 17. Qxd5 cxd5 18. Kd2 Ba6 19. Rfc1 f6 20. exf6 Rxf6 21. Rc7 Rf7 22.
g3 d6 23. Rac1 e5 24. Rxf7 Kxf7 25. Rc6 Bb7 26. Rc7+ Ke6 27. Rxb7 d4 28. Bf2 Rf8 29. Rxg7 exf4 30. g4 h5 31. Bxd4 hxg4 32. Rxg4 Kf5 33. Rg7 Ke4 34. Bxa7 Kf3 35. a4 Rh8 36. Bg1 Re8 37. a5 Re2+ 38. Kc3 Re1 39. a6 Rc1+ 40. Kb3 1-0

[Event "Early-Titled-Tuesday-Blitz-February-06-2024"]
[Site "Chess.com"]
[Date "2024.02.06"]
[Round "3"]
[White "arenal72"]
[Black "GMCorinnaKopff"]
[Result "0-1"]
[WhiteElo "2545"]
[BlackElo "2362"]
[TimeControl "180+1"]
[EndTime "8:26:05 PST"]
[Termination "GMCorinnaKopff won by resignation"]

1. Nf3 Nf6 2. g3 g6 3. Bg2 Bg7 4. O-O O-O 5. d3 d6 6. e4 c5 7. h3 Nc6 8. c3 Rb8 9. Qe2 b5 10. d4 Qb6 11. d5 Na5 12. Re1 b4 13. c4 b3 14. Bd2 bxa2 15. Rxa2 Nb3 16. Bc3 Nd7 17. e5 Nxe5 18. Nxe5 Bxe5 19. Bxe5 dxe5 20.
Qxe5 Bf5 21. Nc3 Nd4 22. h4 h5 23. Rea1 Qb4 24. Bf1 Nf3+ 0-1

[Event "Early-Titled-Tuesday-Blitz-February-06-2024"]
[Site "Chess.com"]
[Date "2024.02.06"]
[Round "3"]
[White "Savagelittlemole"]
[Black "kleinebeer98"]
[Result "0-1"]
[WhiteElo "2501"]
[BlackElo "2838"]
[TimeControl "180+1"]
[EndTime "8:26:07 PST"]
[Termination "kleinebeer98 won by resignation"]

1. e4 e5 2. Nf3 Nc6 3. Bb5 f5 4. Nc3 fxe4 5. Nxe4 Nf6 6. Nxf6+ Qxf6 7. O-O Be7 8. d4 Nxd4 9. Nxd4 exd4 10. Bc4 c6 11.
Qh5+ g6 12. Qh6 d5 13. Bd3 Bf8 14. Re1+ Kf7 15. Qd2 Bd7 16. b3 Bg7 17. Ba3 Rhe8 18. Qb4 b6 19. Qd2 c5 20. Rad1 Bg4 21. f3 Bd7 22. Bc1 Rxe1+ 23. Rxe1 Re8 24. Rxe8 Bxe8 25. a4 Bd7 26. Ba3 Qe5 27. a5 Qe3+ 28. Qf2 Bf5 29.
Bxf5 gxf5 30. Kf1 Qxf2+ 31. Kxf2 c4 32. a6 d3 33. bxc4 dxc2 34. cxd5 Bh6 35. g4 fxg4 36. fxg4 c1=R 37. Bxc1 Bxc1 38. Kf3 Ke7 39. Ke4 Kd6 40. h4 h6 41. g5 Bxg5 0-1

[Event "Early-Titled-Tuesday-Blitz-February-06-2024"]
[Site "Chess.com"]
[Date "2024.02.06"]
[Round "3"]
[White "Payyappat"]
[Black "NFChess13"]
[Result "1-0"]
[WhiteElo "2472"]
[BlackElo "2654"]
[TimeControl "180+1"]
[EndTime "8:26:10 PST"]
[Termination "Payyappat won by resignation"]

1. e4 e5 2. Nf3 Nf6 3. Nxe5 d5 4. exd5 Qxd5 5. d4 Nc6 6. Nc3 Qxd4 7. Qxd4 Nxd4 8. Bd3 Bd6 9. Nc4 Be7 10. O-O Be6 11. Be3 Nxc2 12. Bxc2 Bxc4 13. Rfe1 Be6 14. Nb5 Nd5 15. Bb3 a6 16. Bxd5 axb5 17. Bxb7 Rb8 18. Bc6+ Bd7 19. Bc5 O-O 20. Bxe7 Bxc6 21. Bxf8 Kxf8 22.
Rac1 Rb6 23. Rc5 b4 24. Rec1 Bd7 25. Rxc7 Be6 26. Ra7 g5 27. h3 h5 28. a4 bxa3 29.
bxa3 Rb2 30. a4 g4 31. hxg4 hxg4 32. g3 Bd5 33. a5 Bf3 34. Rac7 Kg7 35. Kf1 Rb8 36. a6 Re8 37. a7 Be2+ 38. Kg1 1-0

[Event "Early-Titled-Tuesday-Blitz-February-06-2024"]
[Site "Chess.com"]
[Date "2024.02.06"]
[Round "3"]
[White "jaskol95"]
[Black "leschebaza"]
[Result "1-0"]
[WhiteElo "2608"]
[BlackElo "2415"]
[TimeControl "180+1"]
[EndTime "8:26:10 PST"]
[Termination "jaskol95 won by resignation"]

1. e4 e6 2. Nf3 d5 3. e5 c5 4. b4 cxb4 5. a3 bxa3 6. d4 Bd7 7.
c3 Ne7 8. Bd3 Nf5 9. Nxa3 Nc6 10. Nc2 Rc8 11. Ne3 Nxe3 12. fxe3 Na5 13. Bd2 Nc4 14.
Rxa7 Qb6 15. Ra1 Be7 16. O-O f5 17. exf6 Bxf6 18. Qc2 Nxd2 19. Nxd2 Bb5 20. Qb3 O-O 21. Bxb5 Bg5 22. c4 dxc4 23. Nxc4 Qc7 24. Ne5 Kh8 25. Bc4 Qd6 26. Bxe6 Bxe3+ 27. Qxe3 Qxe6 28. Nf7+ Qxf7 29. Rxf7 Rxf7 30. Rc1 Re8 31. Qxe8+ 1-0

[Event "Early-Titled-Tuesday-Blitz-February-06-2024"]
[Site "Chess.com"]
[Date "2024.02.06"]
[Round "3"]
[White "severomorskij"]
[Black "TregubovP"]
[Result "1-0"]
[WhiteElo "2901"]
[BlackElo "2686"]
[TimeControl "180+1"]
[EndTime "8:26:12 PST"]
[Termination "severomorskij won by resignation"]

1. d4 Nf6 2. Bg5 e6 3. e4 h6 4. Bxf6 Qxf6 5. c3 d6 6. Bd3 g6 7. Ne2 Bg7 8. O-O e5 9. f4 Qe7 10. Nd2 O-O 11. Nf3 Nd7 12. Qd2 Kh7 13. Rae1 b6 14.
h4 exd4 15. cxd4 Nf6 16. e5 Ng4 17. h5 f5 18. exf6 Qxf6 19. hxg6+ Kh8 20. Ng3 Qxf4 21. Qxf4 Rxf4 22. Nh5 Rf8 23. Nxg7 Kxg7 24. Re7+ Kf6 25. Rxc7 1-0

[Event "Early-Titled-Tuesday-Blitz-February-06-2024"]
[Site "Chess.com"]
[Date "2024.02.06"]
[Round "3"]
[White "RCone"]
[Black "sonicdravise"]
[Result "0-1"]
[WhiteElo "2420"]
[BlackElo "2617"]
[TimeControl "180+1"]
[EndTime "8:26:12 PST"]
[Termination "sonicdravise won by checkmate"]

1. e4 c5 2. Nc3 Nc6 3. Bb5 Nd4 4. Nf3 g6 5. O-O Bg7 6. Nxd4 cxd4 7. Ne2 a6 8. Bc4 b5 9. Bb3 Bb7 10. d3 e6 11. a4 Ne7 12. f4 O-O 13. Bd2 f5 14.
e5 Nc6 15. axb5 axb5 16. Rxa8 Qxa8 17. Qa1 Qe8 18. Qa2 g5 19. fxg5 Nxe5 20. Nxd4 Qh5 21. Ne2 Qxe2 22. Rf2 Qd1+ 23. Rf1 Qxd2 24. Rf2 Qe1+ 25.
Rf1 Qe3+ 26. Rf2 Ng4 27. Bxe6+ dxe6 28. Qxe6+ Qxe6 29. h3 Qe1+ 30. Rf1 Qe3+ 31. Kh1 Qxh3+ 32. Kg1 Qxg2# 0-1

[Event "Early-Titled-Tuesday-Blitz-February-06-2024"]
[Site "Chess.com"]
[Date "2024.02.06"]
[Round "3"]
[White "viktorgen2021"]
[Black "Nick12772"]
[Result "1/2-1/2"]
[WhiteElo "2567"]
[BlackElo "2394"]
[TimeControl "180+1"]
[EndTime "8:26:14 PST"]
[Termination "Game drawn by repetition"]

1. Nf3 Nf6 2. g3 g6 3. Bg2 Bg7 4. c4 O-O 5. O-O c6 6. d4 d5 7. cxd5 cxd5 8. Nc3 Ne4 9. Qb3 Nxc3 10. bxc3 Nc6 11.
Bf4 Na5 12. Qb4 Nc4 13. Nd2 Nxd2 14. Bxd2 b6 15. e4 Bb7 16. Bg5 Bf6 17. Bh6 Re8 18.
e5 Bg7 19. Bxg7 Kxg7 20. c4 Rc8 21. Rac1 Qd7 22. Rfe1 dxc4 23. e6 fxe6 24. Bxb7 Qxb7 25.
Rxc4 Rxc4 26. Qxc4 Qd5 27. Qa4 Rf8 28. Qxa7 Qxd4 29.
Qxe7+ Rf7 30. Qxe6 Qxf2+ 31. Kh1 Qf3+ 32. Kg1 Qf2+ 33.
Kh1 Qf3+ 34. Kg1 Qf2+ 1/2-1/2

[Event "Early-Titled-Tuesday-Blitz-February-06-2024"]
[Site "Chess.com"]
[Date "2024.02.06"]
[Round "3"]
[White "Zapateado"]
[Black "Natalya_Buksa"]
[Result "0-1"]
[WhiteElo "2363"]
[BlackElo "2565"]
[TimeControl "180+1"]
[EndTime "8:26:16 PST"]
[Termination "Natalya_Buksa won by resignation"]

1. c4 e6 2. e4 d5 3. cxd5 exd5 4.
exd5 Nf6 5. Bb5+ Bd7 6. Bc4 c6 7. dxc6 Nxc6 8. Nf3 Bd6 9. Qe2+ Ne7 10. O-O O-O 11. Nc3 Bc6 12. d4 Bxf3 13. Qxf3 Bxh2+ 14. Kxh2 Qc7+ 15. Bf4 Qxc4 16. Be5 Qa6 17. Bxf6 Qxf6 18.
Qxf6 gxf6 19. Ne4 Kg7 20. Rac1 Rac8 21. Rfe1 Nf5 22. d5 Rcd8 23. Rc7 Rxd5 24. Rxb7 a5 25. Nc3 Rc5 26. Re4 h5 27. Rb5 Rxb5 28. Nxb5 Rc8 29. Nc3 Nd6 30. Rd4 Nc4 31. b3 Ne5 32. Ne4 Rc2 33. f3 Nxf3+ 0-1

[Event "Early-Titled-Tuesday-Blitz-February-06-2024"]
[Site "Chess.com"]
[Date "2024.02.06"]
[Round "3"]
[White "LeoWin2012"]
[Black "Grindaveci"]
[Result "0-1"]
[WhiteElo "2173"]
[BlackElo "2431"]
[TimeControl "180+1"]
[EndTime "8:26:16 PST"]
[Termination "Grindaveci won by checkmate"]

1. e4 e5 2. Nf3 Nc6 3. d4 exd4 4. Nxd4 Nf6 5. Nc3 Bb4 6. Nxc6 bxc6 7. Bd3 d5 8. exd5 cxd5 9. O-O O-O 10. Bg5 c6 11. Qf3 Be6 12. h3 Bd6 13. Ne2 Rb8 14. b3 Be7 15. Nd4 Bd7 16. Nf5 Bxf5 17. Qxf5 Ne4 18. Bxe7 Qxe7 19. Rfe1 g6 20. Qf3 Rfe8 21. c4 Qg5 22. Bxe4 dxe4 23. Rxe4 Red8 24. Rae1 Rd2 25. R4e2 Rbd8 26. Qxc6 Qf4 27. Re8+ Kg7 28. R8e2 Rxe2 29. Rxe2 Rd1+ 30. Re1 Rxe1# 0-1

[Event "Early-Titled-Tuesday-Blitz-February-06-2024"]
[Site "Chess.com"]
[Date "2024.02.06"]
[Round "3"]
[White "Let_it_be_1"]
[Black "Matols"]
[Result "1-0"]
[WhiteElo "2585"]
[BlackElo "2398"]
[TimeControl "180+1"]
[EndTime "8:26:23 PST"]
[Termination "Let_it_be_1 won by resignation"]

1. e4 c6 2. d4 d5 3. Nd2 dxe4 4.
Nxe4 Nf6 5. Nxf6+ exf6 6. c3 Bd6 7. Bd3 O-O 8. Ne2 Re8 9. Qc2 h5 10. Be3 Be6 11. O-O-O Nd7 12. c4 Nf8 13. Nc3 Bb4 14.
Ne4 Be7 15. Kb1 b5 16. cxb5 cxb5 17. Nc5 Qd5 18. Nxe6 Nxe6 19. Be4 Qd6 20. Bxa8 Rxa8 21. d5 Nf4 22. Qc6 Qxc6 23. dxc6 Nxg2 24. Rd7 Nxe3 25.
Rxe7 Nd5 26. Rb7 Rc8 27. Rc1 a6 28. c7 Kh7 29. Rc5 Ne7 30. Rb8 Kg6 31. Rxc8 Nxc8 32. Rd5 1-0

[Event "Early-Titled-Tuesday-Blitz-February-06-2024"]
[Site "Chess.com"]
[Date "2024.02.06"]
[Round "3"]
[White "YouJustFoundYourGodfather"]
[Black "LileKoridze"]
[Result "0-1"]
[WhiteElo "2553"]
[BlackElo "2384"]
[TimeControl "180+1"]
[EndTime "8:26:27 PST"]
[Termination "LileKoridze won on time"]

1. b3 d5 2. Bb2 e6 3. Nf3 Nf6 4. g3 c5 5. Bg2 Nc6 6. O-O Be7 7. d4 O-O 8. Nbd2 cxd4 9. Nxd4 a6 10. c4 e5 11. Nxc6 bxc6 12. Bxe5 Be6 13. Rc1 Qd7 14. cxd5 cxd5 15. Nf3 Rfd8 16. Qd4 Rac8 17. Rfd1 Ne8 18. Qd2 f6 19. Bb2 Nd6 20. Nd4 Bf7 21. Qf4 Nb5 22. Nf5 Bf8 23. Bf3 Be6 24. Nd4 Rxc1 25. Rxc1 Bf7 26. Bg4 Qe8 27. Nxb5 Qxb5 28. Bf3 Qa5 29.
Qc7 Qxc7 30. Rxc7 a5 31. Bc3 a4 32. bxa4 d4 33. Ba5 Rb8 34. Rb7 Rc8 35. Bb6 Be6 36. a5 Bh3 0-1

[Event "Early-Titled-Tuesday-Blitz-February-06-2024"]
[Site "Chess.com"]
[Date "2024.02.06"]
[Round "3"]
[White "Vladimir_Zakhartsov"]
[Black "LeoLV10"]
[Result "1-0"]
[WhiteElo "2825"]
[BlackElo "2500"]
[TimeControl "180+1"]
[EndTime "8:26:31 PST"]
[Termination "Vladimir_Zakhartsov won on time"]

1. e4 c6 2. d4 d5 3. exd5 cxd5 4.
Bd3 Nc6 5. c3 Nf6 6. Bf4 g6 7.
Nf3 Bg7 8. O-O O-O 9. h3 Bf5 10.
Re1 a6 11. a4 Rc8 12. Bf1 Qd7 13. Nbd2 Rfe8 14. a5 Ne4 15. Nxe4 dxe4 16. Nd2 e5 17.
dxe5 Nxe5 18. Nxe4 Bxe4 19. Rxe4 Qf5 20. Qa4 Nc6 21.
Rxe8+ Rxe8 22. Bg3 Re4 23. Qb3 Re7 24. Qb6 h5 25. Bxa6 Ne5 26. Bxb7 g5 27. a6 h4 28.
Qd8+ Bf8 29. Bxe5 Rxe5 30. a7 Re2 31. Bf3 1-0

[Event "Early-Titled-Tuesday-Blitz-February-06-2024"]
[Site "Chess.com"]
[Date "2024.02.06"]
[Round "3"]
[White "VitaliyBernadskiy"]
[Black "Aradhya2000"]
[Result "1-0"]
[WhiteElo "2912"]
[BlackElo "2691"]
[TimeControl "180+1"]
[EndTime "8:26:32 PST"]
[Termination "VitaliyBernadskiy won by checkmate"]

1. e4 e5 2. Nf3 Nc6 3. Bc4 Nf6 4. d3 Bc5 5. Nc3 h6 6. h3 a6 7. a4 d6 8. Be3 Bxe3 9. fxe3 O-O 10. O-O Ne7 11.
Nh4 Be6 12. Rxf6 gxf6 13. Qh5 Kh7 14. Rf1 Bxc4 15. dxc4 c6 16. Rxf6 Ng6 17. Qf5 Kg7 18.
Rxg6+ fxg6 19. Qxg6+ Kh8 20. Qxh6+ Kg8 21. Qg6+ Kh8 22.
Nf5 Qd7 23. Ne2 Rad8 24. Neg3 Qh7 25. Qe6 Qd7 26. Qh6+ Qh7 27. Qe6 Qf7 28. Qh6+ Qh7 29.
Qg5 d5 30. Nh5 Qf7 31. Nh6 Qh7 32. Qxe5+ Qg7 33. Qxg7# 1-0

[Event "Early-Titled-Tuesday-Blitz-February-06-2024"]
[Site "Chess.com"]
[Date "2024.02.06"]
[Round "3"]
[White "banhgiahuy2606"]
[Black "SARGISMV"]
[Result "1-0"]
[WhiteElo "2676"]
[BlackElo "2458"]
[TimeControl "180+1"]
[EndTime "8:26:32 PST"]
[Termination "banhgiahuy2606 won by resignation"]

1. d4 d5 2. Nf3 Nf6 3. Bf4 c6 4. e3 Bf5 5. Bd3 Bxd3 6. cxd3 Qb6 7. Qc2 Nbd7 8. O-O Nh5 9. Bg5 h6 10. Bh4 g5 11. Bg3 Nxg3 12. hxg3 Bg7 13. Nc3 e6 14. Rac1 a5 15. Na4 Qb4 16. a3 Qb5 17. Nc5 Nxc5 18.
Qxc5 Qxc5 19. Rxc5 Ra6 20. Rfc1 Kd7 21. Kf1 Rha8 22.
g4 Rb6 23. R5c2 Rb3 24. Ke2 Ra6 25. Nd2 Rb5 26. b3 Bf8 27. Ra2 f6 28. Rc3 Bd6 29. e4 e5 30. Nf3 Rab6 31. dxe5 fxe5 32. Nd2 Ke6 33. g3 Ra6 34. Rc1 Ra8 35. Rh1 Bf8 36.
a4 Rb4 37. Rc2 Bg7 38. exd5+ Kxd5 39. Rc4 Rxc4 40. Nxc4 b5 41. Nb6+ 1-0

[Event "Early-Titled-Tuesday-Blitz-February-06-2024"]
[Site "Chess.com"]
[Date "2024.02.06"]
[Round "3"]
[White "alvarorodriguezavila"]
[Black "Snegokhod"]
[Result "0-1"]
[WhiteElo "2379"]
[BlackElo "2571"]
[TimeControl "180+1"]
[EndTime "8:26:33 PST"]
[Termination "Snegokhod won by checkmate"]

1. e4 e6 2. d4 d6 3. c4 b6 4. Nc3 Bb7 5. Bd3 g6 6. Be3 Bg7 7. Qd2 h6 8. Nge2 Ne7 9. h4 h5 10. f3 Nd7 11. O-O-O a6 12. Kb1 b5 13. cxb5 axb5 14. Bxb5 Kf8 15. Bg5 Ba6 16. Rc1 Nb6 17.
Qd3 Bb7 18. Qd2 Qb8 19. Nf4 Ba6 20. Nxe6+ fxe6 21. Qf4+ Nf5 22. exf5 exf5 23. Qd2 Bb7 24. Rhe1 Nd5 25. Nxd5 Bxd5 26. Be7+ Kg8 27. a4 Kh7 28. Bc6 Bxc6 29. Rxc6 Rxa4 30. Rd1 Rxd4 31. Qxd4 Bxd4 32. Rxd4 Re8 33. Bg5 Re2 34. Rdc4 Qxb2# 0-1

[Event "Early-Titled-Tuesday-Blitz-February-06-2024"]
[Site "Chess.com"]
[Date "2024.02.06"]
[Round "3"]
[White "Cambek64"]
[Black "Irina_Mikhaylova"]
[Result "1-0"]
[WhiteElo "2513"]
[BlackElo "2341"]
[TimeControl "180+1"]
[EndTime "8:26:36 PST"]
[Termination "Cambek64 won by resignation"]

1. e4 c5 2. Nc3 Nc6 3. d3 d6 4.
Be3 g6 5. d4 cxd4 6. Bxd4 Nf6 7. Bxf6 exf6 8. Bc4 Be6 9. Bb3 a6 10. Nge2 Bg7 11. O-O O-O 12. Nf4 Bxb3 13. cxb3 Re8 14.
Nfd5 b5 15. Re1 b4 16. Na4 Rb8 17. Qd2 a5 18. Rad1 Rb7 19. f4 Ne7 20. Ne3 Rd7 21. g3 Qa8 22. Nb6 Qc6 23. Nxd7 Qxd7 24. Qxd6 Qa7 25. Qd7 Ra8 26. Qxa7 Rxa7 27. Nd5 1-0

[Event "Early-Titled-Tuesday-Blitz-February-06-2024"]
[Site "Chess.com"]
[Date "2024.02.06"]
[Round "3"]
[White "kingofthenil"]
[Black "scarabee43"]
[Result "0-1"]
[WhiteElo "2664"]
[BlackElo "2875"]
[TimeControl "180+1"]
[EndTime "8:26:39 PST"]
[Termination "scarabee43 won on time"]

1. d4 Nf6 2. c4 e6 3. Nf3 d5 4. cxd5 exd5 5. Nc3 c6 6. Bg5 h6 7. Bh4 Bf5 8. e3 Nbd7 9. Bd3 Bxd3 10. Qxd3 Bd6 11.
O-O O-O 12. e4 dxe4 13. Nxe4 Be7 14. Bxf6 Nxf6 15. Ng3 Re8 16. Rfe1 Bf8 17. Ne5 Qd5 18. Nf5 Nd7 19. Qg3 Nxe5 20. dxe5 g6 21. h4 h5 22. b3 Rad8 23. Rad1 Qa5 24. f4 Qxa2 0-1

[Event "Early-Titled-Tuesday-Blitz-February-06-2024"]
[Site "Chess.com"]
[Date "2024.02.06"]
[Round "3"]
[White "Zurability"]
[Black "Yerlan-Ra"]
[Result "1-0"]
[WhiteElo "2751"]
[BlackElo "2479"]
[TimeControl "180+1"]
[EndTime "8:26:40 PST"]
[Termination "Zurability won by checkmate"]

1. e4 e5 2. Nf3 d6 3. Bc4 Be7 4. d4 exd4 5. Nxd4 Nf6 6. Nc3 O-O 7.
O-O Re8 8. Re1 Nbd7 9. f4 Bf8 10. Nf3 c6 11. h3 a5 12. a4 Nc5 13. e5 dxe5 14.
Qxd8 Rxd8 15. fxe5 Nd5 16. Bxd5 cxd5 17. Nd4 Be6 18.
Be3 Rac8 19. Ncb5 Ne4 20. c3 Bc5 21. Nb3 Bxe3+ 22. Rxe3 b6 23. Rae1 Rc4 24. Ra1 Nc5 25.
Nxc5 bxc5 26. b3 Re4 27. Rae1 Rxe3 28. Rxe3 d4 29. cxd4 cxd4 30. Rd3 Kf8 31. Rxd4 Rc8 32. Rd3 Rc2 33. Nd4 Rc1+ 34. Kf2 Bf5 35. Nxf5 g6 36. Rd8# 1-0

[Event "Early-Titled-Tuesday-Blitz-February-06-2024"]
[Site "Chess.com"]
[Date "2024.02.06"]
[Round "3"]
[White "claudyna16"]
[Black "bilosuvenosu06"]
[Result "1-0"]
[WhiteElo "2437"]
[BlackElo "2594"]
[TimeControl "180+1"]
[EndTime "8:26:40 PST"]
[Termination "claudyna16 won by resignation"]

1. c4 Nf6 2. g3 e6 3. Bg2 d5 4. Nf3 Be7 5. O-O O-O 6. d4 Nbd7 7. b3 Ne4 8. Bb2 c6 9. Nbd2 f5 10. Qc2 Bd6 11. a3 Qe7 12. b4 b6 13. b5 cxb5 14.
cxd5 Bb7 15. dxe6 Qxe6 16. d5 Bxd5 17. Nd4 Qe7 18. Nxb5 Bb7 19. Rad1 Be5 20. Qb3+ Kh8 21. Nxe4 fxe4 22. Rxd7 Qxd7 23. Bxe5 Bd5 24. Qb2 Rac8 25. Rd1 Kg8 26. Nc3 Rxc3 27. Qxc3 Qe6 28. Bxg7 Rc8 29. Qe5 Qxe5 30. Bxe5 Bc6 31. h4 Re8 32. Bf4 Kf7 33.
Rd6 Re6 34. Rxe6 Kxe6 35. f3 exf3 36. Bxf3 Bb5 37. Kf2 1-0

[Event "Early-Titled-Tuesday-Blitz-February-06-2024"]
[Site "Chess.com"]
[Date "2024.02.06"]
[Round "3"]
[White "roxannyzoldyck"]
[Black "Zheenbekov86"]
[Result "0-1"]
[WhiteElo "2200"]
[BlackElo "2436"]
[TimeControl "180+1"]
[EndTime "8:26:40 PST"]
[Termination "Zheenbekov86 won by resignation"]

1. e4 d5 2. exd5 Qxd5 3. Nc3 Qd8 4. Bc4 Nf6 5. d3 c6 6. Bf4 Bf5 7.
Nge2 e6 8. h3 Bd6 9. Bg5 Nbd7 10.
Ne4 Be7 11. N4g3 Bg6 12. Nf4 Qa5+ 13. c3 Qxg5 14. Nxg6 hxg6 15. Qb3 b5 16. h4 bxc4 17. hxg5 Rxh1+ 18. Nxh1 cxb3 19. gxf6 Bxf6 20. axb3 Nc5 21. Ke2 Nxb3 22. Ra6 Kd7 23. Ng3 Nc5 24. Ra5 Nb7 25. Ra6 Kc7 26. Ne4 Be7 27. b4 c5 28. b5 f5 29. b6+ Kb8 30. bxa7+ Rxa7 31. Rxe6 Bh4 32. Nd2 Ra2 33. Rxg6 Bf6 34. Ke3 f4+ 35. Kxf4 Rxd2 0-1

[Event "Early-Titled-Tuesday-Blitz-February-06-2024"]
[Site "Chess.com"]
[Date "2024.02.06"]
[Round "3"]
[White "Chernyavsky_A"]
[Black "yobdc"]
[Result "0-1"]
[WhiteElo "2396"]
[BlackElo "2587"]
[TimeControl "180+1"]
[EndTime "8:26:41 PST"]
[Termination "yobdc won on time"]

1. c4 Nf6 2. Nc3 g6 3. d4 Bg7 4. g3 O-O 5. Bg2 c5 6. Nf3 cxd4 7. Nxd4 Qc7 8. b3 d5 9. Ncb5 Qa5+ 10. Bd2 Qd8 11. cxd5 Nxd5 12. e4 Nf6 13. Rc1 Nc6 14.
Nxc6 bxc6 15. Nc3 Ba6 16. Na4 Nd7 17. Be3 Qa5+ 18. Qd2 Qc7 19. f4 Rfd8 20. Qc2 Qa5+ 21.
Bd2 Qh5 22. Be3 Bh6 23. Kf2 e5 24. Qxc6 Qe2+ 0-1

[Event "Early-Titled-Tuesday-Blitz-February-06-2024"]
[Site "Chess.com"]
[Date "2024.02.06"]
[Round "3"]
[White "dianamirza"]
[Black "javierfreilemartin"]
[Result "0-1"]
[WhiteElo "1963"]
[BlackElo "2340"]
[TimeControl "180+1"]
[EndTime "8:26:42 PST"]
[Termination "javierfreilemartin won by checkmate"]

1. d4 Nf6 2. Nf3 g6 3. c4 Bg7 4.
Nc3 d6 5. e4 O-O 6. h3 e5 7. d5 Na6 8. Be3 Ne8 9. g4 f5 10. gxf5 gxf5 11. Bg5 Bf6 12. Bh6 Rf7 13. Rg1+ Ng7 14. Ng5 Bxg5 15. Rxg5 Nc5 16. Qh5 Qf6 17. O-O-O Bd7 18. Be2 Kh8 19. Bxg7+ Rxg7 20. Rxg7 Kxg7 21. Rg1+ Kh8 22. exf5 Bxf5 23. Rg5 Bg6 24. Qh6 a5 25.
Bh5 Nd3+ 26. Kc2 Qxf2+ 27. Kb3 Qxb2+ 28. Ka4 Qb4# 0-1

[Event "Early-Titled-Tuesday-Blitz-February-06-2024"]
[Site "Chess.com"]
[Date "2024.02.06"]
[Round "3"]
[White "VitaliyChayka"]
[Black "AnaKuchava"]
[Result "1-0"]
[WhiteElo "2400"]
[BlackElo "2184"]
[TimeControl "180+1"]
[EndTime "8:26:45 PST"]
[Termination "VitaliyChayka won on time"]

1. d4 d5 2. Bf4 c5 3. e3 cxd4 4. exd4 Nc6 5. c3 Bf5 6. Qb3 Qd7 7. Nf3 a6 8. Nbd2 e6 9. Be2 f6 10. Nh4 g5 11. Bh5+ Kd8 12. Nxf5 exf5 13. Be3 f4 14. O-O fxe3 15. fxe3 Be7 16. Bf3 Na5 17. Qb6+ Qc7 18.
Qe6 Qd6 19. Qf7 Kc7 20. Qg7 Qe6 21. Qxh8 Qf7 22. Bg4 Rf8 23. Bf5 Nh6 24. Qxh7 Nxf5 25. Qxf5 Nc6 26. Nf3 Qg8 27. e4 dxe4 28. Qxe4 Bd6 29.
h3 Re8 30. Qf5 Qg7 31. Rae1 Bg3 32. Rxe8 1-0

[Event "Early-Titled-Tuesday-Blitz-February-06-2024"]
[Site "Chess.com"]
[Date "2024.02.06"]
[Round "3"]
[White "GMBenjaminBok"]
[Black "Cubitas"]
[Result "1-0"]
[WhiteElo "2960"]
[BlackElo "2719"]
[TimeControl "180+1"]
[EndTime "8:26:46 PST"]
[Termination "GMBenjaminBok won by resignation"]

1. d4 Nf6 2. c4 g6 3. g3 Bg7 4.
Bg2 O-O 5. Nc3 d6 6. Nf3 c6 7. e4 Qa5 8. O-O Bg4 9. h3 Bxf3 10. Bxf3 e5 11. d5 cxd5 12. cxd5 Nbd7 13. Be3 a6 14.
Qa4 Qxa4 15. Nxa4 Rfc8 16. Rfc1 h5 17. g4 hxg4 18. hxg4 Nh7 19. g5 f5 20. gxf6 Nhxf6 21. Bg2 b5 22. Nb6 Nxb6 23. Bxb6 Bh6 24. Rc6 Rab8 25.
Bc7 Rb7 26. Bxd6 Re8 27. Rxa6 Rf7 28. Bh3 Kh7 29. Be6 Rg7 30. Bxe5 1-0

[Event "Early-Titled-Tuesday-Blitz-February-06-2024"]
[Site "Chess.com"]
[Date "2024.02.06"]
[Round "3"]
[White "marsofsilva"]
[Black "Dinamo3"]
[Result "0-1"]
[WhiteElo "2011"]
[BlackElo "2529"]
[TimeControl "180+1"]
[EndTime "8:26:46 PST"]
[Termination "Dinamo3 won by checkmate"]

1. d4 Nf6 2. c4 g6 3. g3 Bg7 4. Bg2 O-O 5. Nc3 d6 6. Nf3 Nc6 7. O-O Bf5 8. d5 Na5 9. b3 c5 10. Bd2 a6 11. Re1 Ne4 12. Nxe4 Bxe4 13. Rc1 b5 14. Bf1 Bb2 15. Ng5 Bxc1 16. Qxc1 Bf5 17. e4 Bg4 18. h3 Bd7 19. Bc3 f6 20. e5 dxe5 21. f4 fxg5 22. Rxe5 gxf4 23. gxf4 Nb7 24.
Qe3 Nd6 25. Bd3 Rf7 26. h4 Bf5 27. Be2 bxc4 28. bxc4 Rb8 29. h5 Rb1+ 30. Kf2 Qf8 31. hxg6 hxg6 32. Qg3 Ne4+ 33. Rxe4 Bxe4 34. Bd3 Rxf4+ 35.
Ke3 Rf3+ 36. Qxf3 Qxf3+ 37. Kd2 Qxd3# 0-1

[Event "Early-Titled-Tuesday-Blitz-February-06-2024"]
[Site "Chess.com"]
[Date "2024.02.06"]
[Round "3"]
[White "GP9isback23"]
[Black "evgchess5"]
[Result "0-1"]
[WhiteElo "2630"]
[BlackElo "2981"]
[TimeControl "180+1"]
[EndTime "8:26:50 PST"]
[Termination "evgchess5 won by resignation"]

1. d4 Nf6 2. Nf3 e6 3. e3 c5 4. Be2 b6 5. O-O Bb7 6. b3 d5 7. Bb2 Bd6 8. Nbd2 O-O 9. c4 cxd4 10. exd4 Nc6 11. Ne5 Qe7 12. Ndf3 Rac8 13. Rc1 Rfd8 14. cxd5 Nxd5 15. Nxc6 Bxc6 16. Ba6 Bb7 17. Bxb7 Qxb7 18. Qe2 b5 19. g3 a6 20. Ng5 Nf6 21. Rfd1 Rxc1 22.
Rxc1 h6 23. Nf3 Rc8 24. Qd3 Rxc1+ 25. Bxc1 Qc6 26. Bd2 Ne4 27. Be3 Nc3 28. Ne5 Qc7 29. a4 Bxe5 30. dxe5 Qxe5 31. axb5 axb5 32. Qd8+ Kh7 33.
Qd3+ f5 34. Bd4 Qxd4 0-1

[Event "Early-Titled-Tuesday-Blitz-February-06-2024"]
[Site "Chess.com"]
[Date "2024.02.06"]
[Round "3"]
[White "Tesla37"]
[Black "Zarinur"]
[Result "1-0"]
[WhiteElo "2852"]
[BlackElo "2502"]
[TimeControl "180+1"]
[EndTime "8:26:51 PST"]
[Termination "Tesla37 won on time"]

1. e4 e5 2. Nf3 Nc6 3. g3 Nf6 4. d3 d5 5. exd5 Nxd5 6. Bg2 Bc5 7. O-O O-O 8. Nxe5 Nxe5 9. d4 Bg4 10. f3 Be6 11. dxc5 Qe7 12. Qd4 Nc6 13. Qf2 Rad8 14. Nd2 f5 15. f4 Ndb4 16. Nf3 Bd5 17. a3 Na6 18. b4 Bc4 19. Re1 Qf6 20. Be3 Ne7 21. Bd4 Qf7 22. Ne5 Qe6 23. Nxc4 Qxc4 24. Bxg7 Kxg7 25. Rxe7+ Rf7 26. Rxf7+ Kxf7 27. Bxb7 Qc3 28.
Re1 Rd2 29. Qe3 Qxc2 30. Qe8+ Kg7 31. Re7+ Kh6 32. Qf8+ 1-0